 Dungeon Crawl Stone Soup version 0.29-a0-359-g541a27f54d (webtiles) character file.

Game seed: 8575132654876046814

54 Shayle the Sneak (level 3, -4/22 HPs)
             Began as a Tengu Brigand on Apr 28, 2022.
             Slain by an ogre
             ... wielding a +0 giant club
              (26 damage)
             ... on level 3 of the Dungeon.
             The game lasted 00:04:42 (2015 turns).

Shayle the Sneak (Tengu Brigand)                    Turns: 2015, Time: 00:04:43

Health: -4/22      AC:  3    Str: 11    XL:     3   Next: 91%
Magic:  4/4        EV: 12    Int: 13    God:
Gold:   150        SH:  0    Dex: 15    Spells: 2/2 levels left

rFire   . . .      SeeInvis .   a - +2 dagger
rCold   . . .      Faith    .   (no shield)
rNeg    . . .      Spirit   .   b - +0 robe
rPois   .          Reflect  .   (helmet restricted)
rElec   .          Harm     .   c - +0 cloak
rCorr   .          Rampage  .   (no gloves)
Will    .....                   (boots unavailable)
Stlth   +++.......              (no amulet)
HPRegen 0.07/turn               (no ring)
MPRegen 0.09/turn               (no ring)

@: no status effects
A: beak, talons 3
a: no special abilities


You were on level 3 of the Dungeon.
You visited 1 branch of the dungeon, and saw 3 of its levels.

You collected 150 gold pieces.

Inventory:

Hand Weapons
 a - a +2 dagger (weapon)
Missiles
 d - 16 poisoned darts (quivered)
 e - a curare-tipped dart
Armour
 b - a +0 robe (worn)
 c - a +0 cloak (worn)
Magical Staves
 l - a staff of conjuration
Wands
 k - a wand of iceblast (12)
Scrolls
 f - 2 scrolls of magic mapping {unknown}
 i - a scroll of brand weapon {unknown}
 j - a scroll of identify {unknown}
 m - a scroll of enchant armour {unknown}
 n - a scroll of teleportation {unknown}
 q - a scroll of amnesia {unknown}
 r - a scroll of holy word {unknown}
Potions
 g - a potion of flight {unknown}
 h - a potion of brilliance {unknown}
 o - a potion of degeneration {unknown}
 p - a potion of might {unknown}


   Skills:
 + Level 2.4 Fighting
 - Level 2.7 Short Blades
 + Level 0.4 Staves
 - Level 2.4 Throwing
 + Level 1.9 Dodging
 + Level 4.3 Stealth
 + Level 0.7 Conjurations
 + Level 0.1 Evocations


You had 2 spell levels left.
You didn't know any spells.
Your spell library was empty.

Dungeon Overview and Level Annotations

Branches:
Dungeon (3/15)

Altars:
Qazlal


Innate Abilities, Weirdness & Mutations

You have a beak for a mouth.
You have claws for feet.


Message History

You closely miss the rat. You claw the rat.
You kill the rat!
The ogre shouts!
Throw: 3 darts (curare)
Press: ? - help, Q - select action, (/) - cycle Shift-Dir - straight line, f - ogre
Aim: an ogre, wielding a +0 giant club (75% to hit)
You throw a curare-tipped dart.
The curare-tipped dart barely misses the ogre.
Unknown command.
Throw: 2 darts (curare)
Press: ? - help, Q - select action, (/) - cycle Shift-Dir - straight line, f/p - ogre
Aim: an ogre, wielding a +0 giant club (75% to hit)
You throw a curare-tipped dart. The curare-tipped dart hits the ogre.
The ogre is poisoned.
The ogre convulses.
The ogre seems to slow down.
The ogre is lightly wounded.
You see here a +0 spear.
Throw: 19 darts (poison)
Press: ? - help, Q - select action, (/) - cycle Shift-Dir - straight line, f/p - ogre
Aim: an ogre, wielding a +0 giant club (severely wounded, poisoned, slow, 75% to hit)
You throw a poisoned dart. The poisoned dart hits the ogre.
The ogre looks even sicker.
The ogre is severely wounded.
The ogre is no longer moving slowly.
Throw: 18 darts (poison)
Press: ? - help, Q - select action, (/) - cycle Shift-Dir - straight line, f/p - ogre
Aim: an ogre, wielding a +0 giant club (heavily wounded, very poisoned, 75% to hit)
You throw a poisoned dart. The poisoned dart hits the ogre.
The ogre looks even sicker.
The ogre is heavily wounded.
Throw: 17 darts (poison)
Press: ? - help, Q - select action, (/) - cycle Shift-Dir - straight line, f/p - ogre
Aim: an ogre, wielding a +0 giant club (heavily wounded, very poisoned, 75% to hit)
You throw a poisoned dart. The poisoned dart hits the ogre.
The ogre is heavily wounded.
Found a stone staircase leading up.
The ogre attacks as you move away!
The ogre hits you with a +0 giant club!!
Ouch! That really hurt!
You die...

# #.# #
#############.#
##..).(((......#
#..###########.#
≈$.#.# #.#
.≈.#†.# #.# .§
#.... #.# ≈§
#.#### #O# ≈ #(#
#@# #.# #.# #.#
... #.. ..<#.
###.#.# #.# #
... ##.


You could see an ogre (poisoned).

Vanquished Creatures
  2 dart slugs
  3 endoplasms
  3 giant cockroaches
  6 goblins
  3 hobgoblins
  2 jackals (D:1)
  3 quokkas
  7 ball pythons
  5 bats
  A frilled lizard (D:2)
  3 kobolds
  9 rats
47 creatures vanquished.

Vanquished Creatures (others)
  A fungus (D:1)
1 creature vanquished.

Grand Total: 48 creatures vanquished

Notes
Turn   | Place    | Note
-------+----------+-------------------------------------------
     0 | D:1      | Shayle the Tengu Brigand began the quest for the Orb.
     0 | D:1      | Reached XP level 1. HP: 12/12 MP: 2/2
   205 | D:1      | Found a faded altar of an unknown god.
   220 | D:1      | Reached XP level 2. HP: 17/17 MP: 3/3
   658 | D:1      | Reached XP level 3. HP: 21/21 MP: 4/4
  1983 | D:3      | Found a stormy altar of Qazlal.
  1983 | D:3      | Noticed an ogre
  2015 | D:3      | Slain by an ogre

Illustrated notes

Levels and vault maps discovered:
D:1:      lemuel_arrival_rhombus, layout_basic,
          shapermc_ecumenical_altar_acropolis
D:2:      layout_loops_ring, kennysheep_generic_room_2
D:3:      layout_loops_ring, mainiacjoe_overflow_paths,
          overflow_temple_1_default, lemuel_blue_sif_altar,
          general_overflow_altar, uniq_jessica

Action                   || total
-------------------------++-------
Melee: Dagger            ||   102
       Peck              ||    16
       Kick              ||    19
Throw: Dart              ||     5
 Stab: Sleeping          ||    11
Armor: Robe              ||    26
Dodge: Dodged            ||    61

Table legend: (Time is in decaauts)
 A = Elapsed time spent in this place.
 B = Non-inter-level travel time spent in this place.
 C = Inter-level travel time spent in this place.
 D = Time resting spent in this place.
 E = Time spent auto-exploring this place.
 F = Levels seen in this place.
 G = Mean time per level.
                   A        B        C        D        E       F      G
               +--------+--------+--------+--------+--------+-----+--------+
         Total |   2002 |   1886 |    116 |      9 |   1475 |   3 |  667.3 |
       Dungeon |   2002 |   1886 |    116 |      9 |   1475 |   3 |  667.3 |
               +--------+--------+--------+--------+--------+-----+--------+

Top non-repeatable levels by time:
     D:1: 1040 daAuts
     D:2: 817 daAuts
     D:3: 144 daAuts
